[Event "CZE-ch U14 Open 2023"]
[Site "Teplice"]
[Date "2023.03.12"]
[Round "2.3"]
[White "Hrbek, Jachym"]
[Black "Zemek, Antonin"]
[Result "1-0"]
[ECO "C17"]
[WhiteElo "1824"]
[BlackElo "1739"]
[Annotator "NA RC COMBH"]
[PlyCount "91"]
[EventDate "2023.03.09"]
[EventType "swiss"]
[EventCountry "CZE"]
[SourceTitle "playchess.com"]
[Source "ChessBase"]
[SourceQuality "1"]
[TimeControl "40/5400+30:1800+30"]

1. e4 e6 2. d4 d5 3. Nc3 Bb4 4. e5 c5 5. a3 cxd4 6. axb4 dxc3 7. bxc3 Ne7 8. Nf3 Ng6 9. Bd3 Nd7 10. Bxg6 hxg6 11. Qd4 Qc7 12. b5 b6 13. Ba3 Nc5 14. O-O Bb7 15. h3 a5 16. bxa6 Bxa6 17. Rfb1 Qc6 18. Qb4 Rb8 19. Nd4 Qd7 20. Nb3 O-O 21. Nxc5 bxc5 22. Qxb8 Rxb8 23. Rxb8+ Kh7 24. Bxc5 Qc6 25. Bd4 Qc4 26. Rb6 Bb5 27. Rb7 Be8 28. Rb8 Bb5 29. Rf8 g5 30. Rxf7 Be8 31. Re7 Bg6 32. Rxe6 Qe2 33. Re7 g4 34. hxg4 Qxg4 35. e6 Kh6 36. Re1 Be4 37. Rxg7 Qxe6 38. f3 Qf5 39. fxe4 dxe4 40. Re3 Kh5 41. Rh3+ Qxh3 42. gxh3 e3 43. Bxe3 Kh4 44. Kf2 Kxh3 45. Kf3 Kh2 46. Rh7# 1-0

[Event "CZE-ch U14 Open 2023"]
[Site "Teplice"]
[Date "2023.03.12"]
[Round "2.4"]
[White "Krautschneider, Daniel Jan"]
[Black "Stary, Vojtech"]
[Result "1/2-1/2"]
[ECO "C45"]
[WhiteElo "1679"]
[BlackElo "1814"]
[Annotator "NA RC COMBH"]
[PlyCount "79"]
[EventDate "2023.03.09"]
[EventType "swiss"]
[EventCountry "CZE"]
[SourceTitle "playchess.com"]
[Source "ChessBase"]
[SourceQuality "1"]
[TimeControl "40/5400+30:1800+30"]

1. e4 e5 2. Nf3 Nc6 3. d4 exd4 4. Nxd4 Bc5 5. Be3 Qf6 6. c3 Nge7 7. Be2 O-O 8. O-O Bb6 9. Na3 Ng6 10. Nc4 Nf4 11. Nxb6 Nxe2+ 12. Qxe2 axb6 13. Nb5 Qd8 14. Rfd1 Na7 15. Nd4 Re8 16. Bf4 d6 17. Qd3 Bg4 18. f3 Bh5 19. a3 Bg6 20. c4 Nc6 21. Qc3 Nxd4 22. Rxd4 Qf6 23. Bg3 h6 24. Re1 Re6 25. e5 dxe5 26. Rxe5 Rxe5 27. Bxe5 Qe7 28. Rd1 f6 29. Bg3 c6 30. Qd4 b5 31. cxb5 cxb5 32. Qd5+ Kh7 33. Qxb5 Bc2 34. Rd7 Qe3+ 35. Bf2 Qc1+ 36. Qf1 Qxb2 37. h3 Qxa3 38. Qb5 Qa6 39. Qxb7 Qxb7 40. Rxb7 1/2-1/2

[Event "CZE-ch U14 Open 2023"]
[Site "Teplice"]
[Date "2023.03.12"]
[Round "2.5"]
[White "Martirosyan, David"]
[Black "Ocelak, David"]
[Result "1-0"]
[ECO "A80"]
[WhiteElo "1975"]
[BlackElo "1608"]
[Annotator "TA"]
[PlyCount "75"]
[EventDate "2023.03.09"]
[EventType "swiss"]
[EventCountry "CZE"]
[SourceTitle "playchess.com"]
[Source "ChessBase"]
[SourceQuality "1"]
[TimeControl "40/5400+30:1800+30"]

1. d4 f5 2. Nf3 Nf6 3. c4 g6 4. Nc3 Bg7 5. Bf4 d6 6. e3 O-O 7. Be2 h6 {[%emt 0:02:04] A85: Dutch Defence: 2 c4 Nf6 3 Nc3.} 8. h4 Nbd7 (8... Nc6 $11 {keeps the balance.}) 9. Qc2 {[%emt 0:01:40] [#]} (9. c5 $1 $16) 9... Nh5 $146 {[%emt 0:08:09] White has an edge.} ({Predecessor:} 9... Ng4 10. d5 Ndf6 11. Nd4 a6 12. f3 Ne5 13. O-O-O c5 14. Bxe5 dxe5 15. Nb3 b6 {0-1 Karolyfalvi,Z (2173)-Bali,J (2313) HUN-chT3 0102 2001 (7.2)}) 10. O-O-O Nxf4 11. exf4 Nf6 12. Bd3 ({Better is} 12. h5 $16) 12... Bd7 $11 13. Rde1 c6 14. Kb1 Rb8 15. Ne2 b5 (15... Nh5 $11) 16. cxb5 $16 cxb5 17. Ng3 (17. Qb3+ $14 e6 18. h5) 17... a5 (17... h5 $1 $15) 18. h5 $14 Nxh5 19. Nxh5 gxh5 20. Rxh5 e6 21. Rg1 $1 Rc8 22. Qe2 b4 (22... Rc7 $16 {might work better.}) 23. g4 $18 fxg4 (23... Qe8 24. Nh4) 24. Rxg4 Rf6 (24... Qf6 25. Rxa5 (25. Qe4 Rf7 $16) 25... Rc7) 25. Qe4 {[%emt 0:02:15] Threatening mate with Qh7+.} Qe7 26. Qh7+ $2 (26. Rxa5 Bc6 27. Qh7+ Kf8 $18) (26. Rh1 $18 e5 27. Rxg7+ Kxg7 28. fxe5 dxe5 29. Nxe5) 26... Kf8 $16 27. Nh4 {[%emt 0:01:37] Chess con chili. White is much more active.} Be8 (27... Qf7 $2 28. Rxa5 Be8 29. Ng6+ Rxg6 30. Bxg6 $18) 28. Bg6 (28. Rxa5 $16 {Hoping for Rg1.} h5 29. Rg1) 28... Qc7 $2 (28... Ba4 $1 $11 {and Black has nothing to worry.}) 29. Rg1 $1 $18 Bxg6+ (29... Rxf4 $2 30. Bxe8 Kxe8 31. Rc5 (31. Rxg7 $2 Qc1#) (31. Qxg7 $2 Qc2+ 32. Ka1 Qc1+ {[%mdl 64] Back Rank} 33. Rxc1 Rxc1#) 31... dxc5 32. Rxg7 $18) 30. Nxg6+ Ke8 {[%emt 0:01:39] [#]} 31. Qg8+ $2 (31. Rhh1 $1 $18 Qc2+ 32. Ka1 Rxg6 33. Qxg6+ Qxg6 34. Rxg6) 31... Bf8 $11 {[%emt 0:00:53] ( -> ...Qc2+)} 32. Rhh1 $1 $36 {[%emt 0:02:27][%mdl 2048] Black must now prevent Nxf8. White is more active.} (32. Rxh6 $2 {gets mated.} Qc2+ 33. Ka1 Qc1+ 34. Rxc1 Rxc1#) 32... Qf7 (32... Qc4 $2 33. Nxf8 (33. Rxh6 $2 {is a self mate.} Qc2+ 34. Ka1 Qc1+ {[%mdl 64] Back Rank} 35. Rxc1 Rxc1#) 33... Rxf8 34. Qg6+ Kd8 35. Qxh6 Qd3+ 36. Ka1 $18) 33. Nxf8 {[%emt 0:11:36] aiming for Nh7+.} Qxf8 {[%emt 0:01:18] [#]} (33... Qxg8 $1 $11 34. Rxg8 Rxf8 35. Rxf8+ Kxf8) 34. d5 (34. Qh7 $1 $16 {And now Rg8 would win.} Rf7 35. Qd3 (35. Qxh6 Qxh6 36. Rxh6 Ke7 $11)) 34... Qxg8 35. Rxg8+ Kd7 36. Rg7+ Kd8 37. Rhg1 exd5 $2 (37... Rc7 $11) 38. Rg8+ {Excellently played by Martirosyan!   Weighted Error Value: White=0.42/Black=0.57} 1-0

[Event "CZE-ch U14 Open 2023"]
[Site "Teplice"]
[Date "2023.03.12"]
[Round "2.6"]
[White "Roubal, Matyas"]
[Black "Veverka, Vladimir"]
[Result "1-0"]
[ECO "B53"]
[WhiteElo "1948"]
[BlackElo "1735"]
[Annotator "TA"]
[PlyCount "65"]
[EventDate "2023.03.09"]
[EventType "swiss"]
[EventCountry "CZE"]
[SourceTitle "playchess.com"]
[Source "ChessBase"]
[SourceQuality "1"]
[TimeControl "40/5400+30:1800+30"]

1. e4 c5 2. Nf3 d6 3. d4 cxd4 4. Qxd4 Nc6 5. Qe3 Nf6 6. h3 {B53: Sicilian: 2...d6: Lines with Qxd4.} g6 7. c4 Bg7 8. Be2 {[%emt 0:00:58] Black has an edge.} O-O (8... Qa5+ $15 {feels stronger.} 9. Bd2 Qb6) 9. O-O Qc7 10. Nc3 {[%emt 0:06:55] [#]} Nb4 $146 ({Predecessor:} 10... a6 11. Bd2 e6 12. b3 Nd7 13. Rac1 Qb8 14. Rfd1 Nc5 15. Bf1 b6 16. Ne2 a5 {1-0 Nandhidhaa,P (2365)-Nurmanova,A (2008) Speed Chess (Women) Q4 blitz 2021 (13)}) 11. Rb1 Be6 12. b3 Nd7 13. a3 Bxc3 14. Qxc3 Na2 15. Qe3 {[%emt 0:00:25] Strongly threatening Bb2.} Nxc1 16. Rbxc1 (16. Rfxc1 {simplifies} Rfc8 17. Nd4 Nf8 18. f4) 16... Qc5 17. Qh6 $40 {[%emt 0:18:42][%mdl 128] White mounts an attack.} Qxa3 $2 {[%emt 0:17:35][%mdl 8192] [#] A mistake that costs the game.} ({Black should try} 17... Rfc8 $14) 18. Ng5 $1 $18 ({Worse is} 18. Ra1 Qxb3 19. Ng5 Nf6 $17) 18... Nf6 {[%emt 0:00:59] [#]} 19. f4 $1 Qc5+ (19... Qxb3 $2 20. e5 Qe3+ 21. Kh1 dxe5 22. fxe5 Qxe5 23. Rxf6 $18) (19... Rfc8 $142 20. Rce1 Rc5) 20. Kh1 Qe3 {[%emt 0:07:12] [#]} (20... Rfb8 $142 21. Rce1 Qc8) 21. e5 $1 Rfe8 (21... dxe5 22. fxe5) 22. exf6 exf6 23. Qxh7+ Kf8 24. Nxe6+ Qxe6 25. Bg4 (25. Rce1 $142 f5 26. Qh8+ Ke7 27. Qh4+ Kd7 28. Bf3 {[%mdl 64] Discovered Attack}) 25... f5 26. Bf3 {[%emt 0:02:21] Qh8+ is the strong threat.} Qf6 {[%emt 0:00:38] Prevents Qh8+} 27. Bd5 Re3 28. Rf3 Rxf3 29. Bxf3 Ke7 {[%emt 0:01:06] And now ...Rh8 would win.} 30. Qh6 ({Weaker is} 30. Bxb7 Rh8 $17) 30... Qb2 31. Re1+ Kf6 32. Bd5 (32. g4 $142 fxg4 33. hxg4 Qe5 34. fxe5+ dxe5 35. g5+ Ke6 36. Qg7 Kd7 37. Qxf7+ Kd6 38. Rd1+ Kc5 39. Qe7+ Kb6 40. Qxb7+ Kc5 41. Rd5#) 32... Qd2 33. Qg5+ {[%emt 0:04:26] Weighted Error Value: White=0.21 (precise) /Black=0.57} (33. Qh4+ $142 Kg7 34. Bxf7) 1-0

[Event "CZE-ch U14 Open 2023"]
[Site "Teplice"]
[Date "2023.03.12"]
[Round "2.7"]
[White "Zelba, Lukas"]
[Black "Hobza, Richard"]
[Result "1-0"]
[ECO "A04"]
[WhiteElo "1912"]
[BlackElo "1702"]
[Annotator "TA"]
[PlyCount "77"]
[EventDate "2023.03.09"]
[EventType "swiss"]
[EventCountry "CZE"]
[SourceTitle "playchess.com"]
[Source "ChessBase"]
[SourceQuality "1"]
[TimeControl "40/5400+30:1800+30"]

1. Nf3 e6 2. d4 d5 3. c4 Nf6 4. cxd5 exd5 5. Nc3 Bf5 6. Bg5 Be7 7. Qb3 Nbd7 8. e3 ({Don't play} 8. Qxb7 Rb8 9. Qc6 Rb6 $15) (8. Nxd5 $16 Be6 9. Bxf6 Nxf6 10. Nxf6+ Bxf6 11. Qa4+ (11. Qxb7 O-O $11) 11... Bd7 12. Qb4) 8... Nb6 $11 {[%emt 0:03:25] D35: Queen's Gambit Declined: Exchange Variation.} 9. Ne5 O-O 10. Bd3 Bxd3 {[%emt 0:01:55] The position is equal.} (10... Ne4 {keeps more tension.} 11. Bxe7 Qxe7 12. a4 a5) 11. Nxd3 c6 12. O-O {[%emt 0:02:38] [#]} Ng4 $146 ({Predecessor:} 12... h6 13. Bf4 Bd6 14. Bxd6 Qxd6 15. Ne5 Nfd7 16. Nxd7 Qxd7 17. Rad1 Rae8 18. Na4 Nxa4 19. Qxa4 {0-1 Aleksandrov,G (1994)-Moiseenko,V (2487) St Petersburg blitz prelim 2014 (10)}) 13. h3 Bxg5 14. hxg4 Qc8 15. Qd1 Re8 16. b3 Re6 17. f4 Bd8 18. Qf3 Bc7 19. Rae1 Qe8 (19... h6 $11) 20. Nc5 (20. f5 $1 $16 Rd6 21. Nc5) 20... Re7 21. Re2 (21. Nxb7 $5 Bxf4 22. Qxf4 Rxb7 23. e4 $14) 21... Bd6 22. e4 Bxc5 23. dxc5 dxe4 24. Nxe4 Nd5 25. f5 Nf6 (25... f6 $11) 26. Nd6 $14 Qd7 ({Better is} 26... Rxe2 27. Nxe8 Raxe8) 27. Rxe7 (27. g5 $1 $16 Nd5 28. Rxe7 Qxe7 29. f6) 27... Qxe7 28. g5 Ne8 ({Black should try} 28... Qe5 $1 $14) 29. f6 $16 {[%emt 0:01:29] White is much more active. The black rooks are badly placed.} Qd7 (29... Qe5 30. Nxf7 (30. Nxb7 Rb8 $11) 30... Qd4+ 31. Rf2 Nxf6) 30. fxg7 $2 ({White should play} 30. Re1 $18 {Hoping for Re7.} Nxd6 31. Qd1 {[%mdl 64] Pin}) 30... Nxd6 $14 31. cxd6 {[%emt 0:00:13] Qf4 is the strong threat.} Kxg7 $2 $18 {[%emt 0:00:49][%mdl 12288] Endgame [#] KQR-KQR. This move loses the game for Black.} (31... Re8 $14) 32. Qf6+ $1 ({Weaker is} 32. g6 fxg6 33. Qc3+ Kg8 $14) 32... Kg8 33. Re1 {[%emt 0:00:18] Threatening mate with Re7.} Qg4 34. Re7 Qd1+ 35. Kh2 Qh5+ 36. Kg3 {[%emt 0:00:12] White mates.} Qg6 37. d7 Qd3+ 38. Kh2 Rf8 {[%emt 0:00:33] [#]} 39. Rxf7 $3 {[%emt 0:01:03][%mdl 512] A cool game by Zelba.   Weighted Error Value: White=0.38/Black=0.53} 1-0

[Event "CZE-ch U14 Open 2023"]
[Site "Teplice"]
[Date "2023.03.12"]
[Round "2.8"]
[White "Babula, Matej"]
[Black "Soucek, Andrej"]
[Result "1/2-1/2"]
[ECO "C50"]
[WhiteElo "1796"]
[BlackElo "1679"]
[Annotator "NA RC COMBH"]
[PlyCount "89"]
[EventDate "2023.03.09"]
[EventType "swiss"]
[EventCountry "CZE"]
[SourceTitle "playchess.com"]
[Source "ChessBase"]
[SourceQuality "1"]
[TimeControl "40/5400+30:1800+30"]

1. e4 e5 2. Nf3 Nc6 3. Bc4 Nf6 4. d3 Bc5 5. O-O a6 6. a4 d6 7. c3 Ba7 8. h3 O-O 9. Nbd2 Be6 10. Re1 Re8 11. Bb3 d5 12. Bc2 h6 13. Nf1 dxe4 14. dxe4 Qxd1 15. Rxd1 a5 16. Be3 Bxe3 17. Nxe3 Rad8 18. Ne1 g6 19. f3 Nh5 20. Nd3 Nf4 21. Nxf4 exf4 22. Nd5 Bxd5 23. Rxd5 Rxd5 24. exd5 Ne5 25. Bb3 Nd3 26. Rd1 Nc5 27. Bc4 Rd8 28. b3 Kg7 29. Kf2 Kf6 30. Re1 Nd7 31. Bb5 Ne5 32. Rd1 c6 33. dxc6 Nxc6 34. Rxd8 Nxd8 35. b4 axb4 36. cxb4 Ke5 37. a5 Kd5 38. a6 bxa6 39. Bxa6 Nc6 40. Bb7 Kd6 41. Bxc6 Kxc6 42. Ke2 Kb5 43. Kd3 Kxb4 44. Ke4 Kc4 45. Kxf4 1/2-1/2

[Event "CZE-ch U14 Open 2023"]
[Site "Teplice"]
[Date "2023.03.12"]
[Round "2.9"]
[White "Dusanek, Michal"]
[Black "Jasso, Matej"]
[Result "0-1"]
[ECO "D00"]
[WhiteElo "1624"]
[BlackElo "1934"]
[Annotator "TA"]
[PlyCount "54"]
[EventDate "2023.03.09"]
[EventType "swiss"]
[EventCountry "CZE"]
[SourceTitle "playchess.com"]
[Source "ChessBase"]
[SourceQuality "1"]
[TimeControl "40/5400+30:1800+30"]

1. d4 d5 2. Bf4 Nf6 3. e3 c5 4. c3 Nc6 5. Nd2 Bf5 6. Ngf3 {[%emt 0:05:11] D00: 1 d4 d5: Unusual lines.} h6 (6... Qb6 $11 {keeps the balance.}) 7. dxc5 $16 {[%emt 0:08:14] [#]} Nd7 $146 ({Predecessor:} 7... e6 8. b4 Be7 9. h3 O-O 10. Be2 Re8 11. O-O Bf8 12. Ne5 Nxe5 13. Bxe5 Nd7 {1-0 Gomez Ledo,R (2469)-Keller,P (2377) Titled Tuesday intern op 07th Jun Late blitz 2022 (7)}) 8. Nd4 {[%emt 0:03:06] White is better.} e5 9. Bxe5 Bg6 10. Nxc6 bxc6 11. Bd4 {[%emt 0:00:13] And now Qa4 would win.} Nxc5 12. b4 Ne6 13. Ba6 {[%emt 0:09:04] aiming for Bb7.} Qd7 {[%emt 0:08:13] Against Bb7} 14. Qe2 Bd6 15. O-O O-O 16. Nb3 Rae8 17. Qd2 Qe7 18. Na5 ({White should play} 18. Bd3 $14) 18... Qc7 $1 $15 {[%emt 0:07:44] ...c5 is the strong threat.} ({Much less strong is} 18... Qh4 19. g3 (19. Nxc6 $2 Qxh2#) 19... Qd8 20. Nxc6 $16 (20. Bxa7 Qa8 $15)) 19. f4 c5 20. Be5 {[%emt 0:01:12][%mdl 64] [#] Deflection} Bxe5 21. fxe5 Qxe5 (21... Ng5 $15 22. Qxd5 cxb4 23. cxb4 Qb6) 22. Nc6 (22. Bb5 $11 {remains equal.}) 22... Qd6 $36 {[%emt 0:01:51][%mdl 2048] Keeping White busy.} 23. b5 (23. Bb5 $17 {was worth a try.}) 23... Nc7 $19 {[%emt 0:01:22] [#] Threatens to win with ...Nxa6. Black is clearly better.} 24. Na5 Nxa6 25. bxa6 Qxa6 26. Nb3 Qc6 27. Rac1 Re5 {[%emt 0:01:02] Weighted Error Value: White=0.23 (precise) /Black=0.14 (very precise)} 0-1

[Event "CZE-ch U14 Open 2023"]
[Site "Teplice"]
[Date "2023.03.12"]
[Round "2.10"]
[White "Andrle, Filip"]
[Black "Srba, Daniel"]
[Result "1-0"]
[ECO "B27"]
[WhiteElo "1721"]
[BlackElo "1509"]
[Annotator "NA RC COMBH"]
[PlyCount "61"]
[EventDate "2023.03.09"]
[EventType "swiss"]
[EventCountry "CZE"]
[SourceTitle "playchess.com"]
[Source "ChessBase"]
[SourceQuality "1"]
[TimeControl "40/5400+30:1800+30"]

1. e4 c5 2. Nf3 g6 3. d4 cxd4 4. Qxd4 Nf6 5. Nc3 Nc6 6. Qa4 Bg7 7. e5 Ng8 8. Bf4 a6 9. Rd1 Nh6 10. Be2 O-O 11. O-O Ng4 12. Qe4 f5 13. Bc4+ e6 14. Qe2 Qc7 15. Rfe1 b5 16. Bb3 Bb7 17. a3 Na5 18. Rd3 Rfd8 19. h3 Nh6 20. Red1 Bxf3 21. Qxf3 Nc6 22. Rxd7 Rxd7 23. Bxe6+ Rf7 24. Rd7 Qxd7 25. Bxd7 Rxd7 26. Qxc6 Rdd8 27. Nd5 Kh8 28. c3 Rac8 29. Qxa6 Rc5 30. Bxh6 Bxh6 31. Qf6+ 1-0

[Event "CZE-ch U14 Open 2023"]
[Site "Teplice"]
[Date "2023.03.12"]
[Round "2.11"]
[White "Vlcek, Vojtech"]
[Black "Striz, Tadeas"]
[Result "1-0"]
[ECO "E21"]
[WhiteElo "1671"]
[BlackElo "1503"]
[Annotator "NA RC COMBH"]
[PlyCount "59"]
[EventDate "2023.03.09"]
[EventType "swiss"]
[EventCountry "CZE"]
[SourceTitle "playchess.com"]
[Source "ChessBase"]
[SourceQuality "1"]
[TimeControl "40/5400+30:1800+30"]

1. d4 Nf6 2. c4 e6 3. Nf3 b6 4. Nc3 Bb7 5. g3 d5 6. Bg2 Nbd7 7. cxd5 exd5 8. O-O Be7 9. b3 O-O 10. Bb2 c5 11. dxc5 bxc5 12. e3 Nb6 13. Qe2 Rc8 14. Rfd1 Qc7 15. Rac1 c4 16. Nb5 Qd8 17. Bh3 Rc5 18. Nfd4 a6 19. Nc3 Rc7 20. Qf1 Bb4 21. Bf5 Bc8 22. Bxc8 Qxc8 23. Nde2 Rd8 24. Qg2 Qd7 25. e4 Bxc3 26. Nxc3 Qe7 27. exd5 Nfxd5 28. Nxd5 Nxd5 29. Rxd5 Rxd5 30. Qxd5 1-0

[Event "CZE-ch U14 Open 2023"]
[Site "Teplice"]
[Date "2023.03.12"]
[Round "2.12"]
[White "Macosek, Alex"]
[Black "Tichy, Tomas"]
[Result "0-1"]
[ECO "A00"]
[WhiteElo "1466"]
[BlackElo "1810"]
[Annotator "NA RC COMBH"]
[PlyCount "84"]
[EventDate "2023.03.09"]
[EventType "swiss"]
[EventCountry "CZE"]
[SourceTitle "playchess.com"]
[Source "ChessBase"]
[SourceQuality "1"]
[TimeControl "40/5400+30:1800+30"]

1. g3 d5 2. Bg2 Nf6 3. d4 c5 4. c3 e6 5. Nf3 Nc6 6. Nbd2 Bd6 7. O-O O-O 8. e3 e5 9. dxc5 Bxc5 10. c4 Be6 11. Ng5 Bg4 12. Qb3 d4 13. Nde4 Nxe4 14. Nxe4 Bb6 15. c5 Be6 16. Qb5 Bc7 17. b3 f5 18. Ng5 Bd7 19. Bd5+ Kh8 20. Nf7+ Rxf7 21. Bxf7 a6 22. Qe2 Qf6 23. Bc4 e4 24. Rb1 d3 25. Qh5 Be8 26. Qh3 Ne5 27. Bb2 Nf3+ 28. Kg2 Be5 29. Bxe5 Qxe5 30. Rfd1 Rd8 31. g4 fxg4 32. Qg3 Qxg3+ 33. Kxg3 h5 34. h3 Bd7 35. hxg4 Bxg4 36. Bf7 Ne5 37. Bxh5 Bxh5 38. Rh1 g6 39. Kf4 Ng4 40. f3 exf3 41. Rbg1 Rf8+ 42. Ke4 Nf2+ 0-1

[Event "CZE-ch U14 Open 2023"]
[Site "Teplice"]
[Date "2023.03.13"]
[Round "3.1"]
[White "Juhanak, Daniel"]
[Black "Hrbek, Jachym"]
[Result "1-0"]
[ECO "D30"]
[WhiteElo "1952"]
[BlackElo "1824"]
[Annotator "TA"]
[PlyCount "47"]
[EventDate "2023.03.09"]
[EventType "swiss"]
[EventCountry "CZE"]
[SourceTitle "playchess.com"]
[Source "ChessBase"]
[SourceQuality "1"]
[TimeControl "40/5400+30:1800+30"]

1. d4 d5 2. c4 e6 3. Nf3 c6 4. g3 dxc4 5. Bg2 b5 6. O-O Bb7 7. Nc3 Nf6 8. Bg5 {[%emt 0:02:29] E04: Open Catalan: 5 Nf3.} Be7 9. Bxf6 Bxf6 10. Ne5 {[%emt 0:05:28] The position is equal.} a6 11. a4 Qc7 12. Ne4 {[%emt 0:03:44] [#]} Be7 $146 ({Predecessor:} 12... c5 13. Nxf6+ gxf6 14. Bxb7 Qxb7 15. Ng4 Nd7 16. dxc5 O-O-O 17. Qc2 h5 18. Ne3 Nxc5 19. axb5 axb5 {1-0 Francisco,R (2281)-Jacobson,A (2301) Charlotte CCCSA Fall IM 2019 (4)}) 13. b3 f5 $1 14. Nc3 {[%emt 0:05:52] [#]} (14. e3 $15 O-O 15. Nc3) 14... b4 $1 $17 15. e4 {[%emt 0:05:30] [#] Strongly threatening Qh5+.} O-O $2 (15... bxc3 16. Qh5+ Kd8 17. Nf7+ Kc8 18. Nxh8 cxb3 19. Qxh7 $16) (15... Nd7 $1 $17 {[%cal Rd7e5] stays on course.} 16. Ne2 (16. Qh5+ g6 $17) 16... Nxe5) 16. Ne2 $16 {[%emt 0:01:26] Excellent horsemanship.} c3 ({Not} 16... c5 17. Nf4 Rf6 18. Nxc4 (18. bxc4 cxd4 19. Qxd4 Bc5 $15) 18... cxd4 19. exf5 (19. Qxd4 Nd7 $14) (19. e5 Rh6 $14) 19... Bxg2 20. Kxg2 $16) 17. Nf4 Rf6 ({Black should try} 17... Bc8) 18. exf5 {[%emt 0:05:17] White is more active.} exf5 19. Qe2 $36 {[%emt 0:01:46][%mdl 2048] Keeping Black busy.} Bd6 (19... Nd7 $142) 20. Rfe1 {[%emt 0:03:16] And now Qc4+ would win.} a5 $2 (20... Nd7) 21. Qc4+ $18 Kf8 $2 (21... Rf7 22. Ne6 (22. Qxf7+ Qxf7 23. Nxf7 Kxf7 $14) 22... Qe7) 22. Ne6+ Rxe6 23. Qxe6 {[%emt 0:00:33][%cal Oe5g6] Intending Ng6+! and mate.} Bc8 {[%emt 0:00:20] [#]} 24. Ng6+ $1 {[%emt 0:00:19][%mdl 576] Back Rank. Excellently played by Juhanak!   Weighted Error Value: White=0.14 (very precise) /Black=0.57} 1-0

[Event "CZE-ch U14 Open 2023"]
[Site "Teplice"]
[Date "2023.03.13"]
[Round "3.2"]
[White "Topencik, Bruno"]
[Black "Martirosyan, David"]
[Result "0-1"]
[ECO "D30"]
[WhiteElo "1844"]
[BlackElo "1975"]
[Annotator "TA"]
[PlyCount "116"]
[EventDate "2023.03.09"]
[EventType "swiss"]
[EventCountry "CZE"]
[SourceTitle "playchess.com"]
[Source "ChessBase"]
[SourceQuality "1"]
[TimeControl "40/5400+30:1800+30"]

1. d4 d5 2. c4 e6 3. Nf3 a6 4. e3 Nf6 5. Nc3 Be7 6. Bd3 {[%emt 0:00:58] D30: Queen's Gambit Declined: Systems without Nc3.} dxc4 $1 7. Bxc4 b5 8. Bd3 {[%emt 0:01:28] Black has an edge.} Bb7 9. O-O O-O 10. Qc2 h6 11. Bd2 Nbd7 12. Ne4 {[%emt 0:10:55] [#]} Nxe4 $146 (12... c5 $5) ({Predecessor:} 12... Rc8 13. Ba5 Qe8 14. Nc5 Nxc5 15. dxc5 Bxf3 16. gxf3 Qc6 17. f4 Qf3 18. Be2 Qh3 {½-½ Cemeris,I (1353)-Bosikis,T (1251) Panevezys Gigant op-B 2017 (6)}) 13. Bxe4 Bxe4 14. Qxe4 c5 15. Rac1 Qb6 16. Rfd1 Rac8 17. Bc3 c4 18. d5 (18. a3 $11) 18... Nf6 $17 19. Bxf6 Bxf6 20. Qc2 exd5 21. Rxd5 Rfd8 22. Rcd1 Rxd5 23. Rxd5 Qc6 24. Rd1 b4 25. h3 c3 26. Nd4 Bxd4 27. Rxd4 {[%emt 0:00:09][%mdl 4096] Endgame KQR-KQR} a5 28. Kh2 (28. bxc3 $142 bxc3 29. Rd1) 28... cxb2 {[%emt 0:10:37] Black is more active.} (28... a4 $142 29. bxc3 bxc3) 29. Qxb2 Qc2 (29... Qc7+ $17 30. g3 Qc2 31. Rd8+ Kh7) 30. Qb3 $1 $11 Qxb3 (30... Qxf2 $5 31. Rf4 $8 Qc2 32. Qxf7+ Kh7 $11) 31. axb3 $15 {[%emt 0:00:08] KR-KR} Rc2 32. Rd8+ Kh7 33. Ra8 $2 {[%emt 0:00:11] White is on the road to losing.} (33. Kg3 $11) 33... Rxf2 $19 {[%emt 0:01:12] And now ...Re2 would win.} 34. Rxa5 Rb2 35. Rb5 Rxb3 36. Kg1 (36. Rb6 $142) 36... Rb1+ ({Worse is} 36... Rxe3 37. Rxb4 g6 38. Kf2 $17) 37. Kf2 b3 38. Kf3 Kg6 (38... b2 $142 {...Rf1+ would be deadly.} 39. Ke4 Kg6) 39. Kg3 $2 (39. h4) 39... Kf6 40. Rb7 (40. Kf4 $142) 40... g6 (40... b2 $142 {Strongly threatening ...g5.} 41. Rb5 Ke7) 41. Kh2 $2 (41. Kf4 {was forced.}) 41... Ke6 42. Kg3 f6 43. Rb6+ Ke5 {[%emt 0:00:14] Hoping for ...Kd5.} 44. Rb5+ (44. h4 $142) 44... Ke4 45. Rb6 b2 46. Rb3 h5 (46... Kd5 $142 47. Kf2 h5) 47. h4 (47. Kh4 $142) 47... g5 48. Kh2 (48. hxg5 $19 fxg5 49. Kf2) 48... gxh4 {[%emt 0:00:00] Black mates.} 49. Rb6 Kxe3 50. Re6+ Kd4 51. Rb6 f5 52. Rb8 f4 53. Rd8+ Ke5 54. Re8+ Kd6 55. Rb8 {[%emt 0:00:15] [#]} h3 $1 56. Rb3 (56. Rb6+ Kc5) 56... hxg2 57. Kxg2 {[#]} f3+ $1 58. Rxf3 (58. Kf2 Rh1) 58... Rd1 {Weighted Error Value: White=0.62/Black=0.26 (precise)} 0-1